 Dungeon Crawl Stone Soup version 0.21.1-1-g345015f (webtiles) character file.

95 tidbits the Charmwright (level 4, -13/38 HPs)
             Began as a Gnoll Skald on June 18, 2018.
             Mangled by an ogre
             ... wielding a +0 giant club
              (26 damage)
             ... on level 4 of the Dungeon.
             The game lasted 00:04:47 (386 turns).

tidbits the Charmwright (Gnoll Skald)                Turns: 386, Time: 00:04:48

Health: -13/38     AC:  3    Str: 13    XL:     4   Next: 65%
Magic:  3/11       EV: 14    Int: 16    God:
Gold:   42         SH:  0    Dex: 15    Spells: 2/13 levels left

rFire    . . .     SeeInvis .   f - +0 dagger
rCold    . . .     Gourm    .   (no shield)
rNeg     . . .     Faith    .   b - +0 leather armour
rPois    .         Spirit   .   (no helmet)
rElec    .         Reflect  .   (no cloak)
rCorr    .         Harm     .   (no gloves)
MR       .....                  (no boots)
Stlth    ++........             (no amulet)
HPRegen  0.12/turn              (no ring)
MPRegen  0.12/turn              (no ring)

@: infused (expiring)
A: distributed training, fangs 1, strong nose
a: no special abilities


You were on level 4 of the Dungeon.
You were not hungry.

You visited 1 branch of the dungeon, and saw 4 of its levels.

You collected 42 gold pieces.

Inventory:

Hand Weapons
 a - a +0 hand axe
 f - a +0 dagger (weapon)
 h - a +0 flail
 l - a +0 hunting sling
Missiles
 m - 15 stones (quivered)
Armour
 b - a +0 leather armour (worn)
 k - a +0 helmet
Scrolls
 e - 3 scrolls of remove curse {unknown}
 j - a scroll of magic mapping {unknown}
 n - 3 scrolls of identify {unknown}
Potions
 g - a potion of flight
Books
 c - a book of Battle

   Spells                             Type                      Level
   a - Infusion                       Charms                       1
   b - Shroud of Golubria             Charms/Translocation         2
   c - Song of Slaying                Charms                       2
   d - Spectral Weapon                Hexes/Charms                 3
   e - Regeneration                   Charms/Necromancy            3
Comestibles
 d - 4 rations


   Skills:
 + Level 4.6 Fighting
 + Level 1.2 Short Blades
 + Level 1.2 Long Blades
 + Level 4.6 Axes
 + Level 1.2 Maces & Flails
 + Level 1.2 Polearms
 + Level 1.2 Staves
 + Level 1.2 Slings
 + Level 1.2 Bows
 + Level 1.2 Crossbows
 + Level 1.2 Throwing
 + Level 2.8 Armour
 + Level 4.6 Dodging
 + Level 1.2 Stealth
 + Level 1.2 Shields
 + Level 1.2 Unarmed Combat
 + Level 5.1 Spellcasting
 + Level 1.0 Conjurations
 + Level 1.0 Hexes
 + Level 5.5 Charms
 + Level 1.0 Summonings
 + Level 1.0 Necromancy
 + Level 1.0 Translocations
 + Level 1.0 Transmutations
 + Level 1.0 Fire Magic
 + Level 1.0 Ice Magic
 + Level 1.0 Air Magic
 + Level 1.0 Earth Magic
 + Level 1.0 Poison Magic
 + Level 1.3 Invocations
 + Level 1.2 Evocations


You had 2 spell levels left.
You knew the following spells:

 Your Spells              Type           Power        Failure   Level  Hunger
g - Shroud of Golubria    Chrm/Tloc      ##........   8%          2    #......
i - Infusion              Chrm           ###.         1%          1    None
r - Regeneration          Chrm/Necr      ##........   16%         3    ###....
w - Spectral Weapon       Hex/Chrm       ##......     16%         3    ###....
y - Song of Slaying       Chrm           ###.....     3%          2    #......


Dungeon Overview and Level Annotations

Branches:
Dungeon (4/15)
 Temple: D:4-7

Altars:


Innate Abilities, Weirdness & Mutations

Your experience applies equally to all skills.
You have very sharp teeth.
Your uncanny sense of smell can sniff out nearby items.


Message History

You hit Natasha.
Natasha is lightly wounded.
Your spectral weapon hits Natasha.
Natasha closely misses you.
You barely miss Natasha. You punch Natasha.
Natasha is moderately wounded.
Your spectral weapon hits Natasha.
Natasha claws your spectral weapon but does no damage.
You hit Natasha but do no damage.
Natasha is severely wounded.
Your spectral weapon hits Natasha.
Natasha stares at you and mumbles some strange words.
The magic dart hits you!
You hit Natasha.
You kill Natasha!
Natasha yowls pathetically as she dies!
The crimson imp disappears in a puff of smoke!
Your spectral weapon fades away.
You barely miss the goblin. Your bite misses the goblin.
The goblin closely misses you.
You barely miss the goblin. You closely miss the goblin.
Your bite misses the goblin. You completely miss the goblin.
The goblin closely misses you. The goblin completely misses you.
You hit the goblin. Your bite misses the goblin.
The goblin is severely wounded.
You closely miss the goblin. The goblin misses you.
The goblin closely misses you.
You completely miss the goblin.
The goblin is severely wounded.
You hit the goblin but do no damage. The goblin barely misses you.
The goblin misses you. The goblin closely misses you.
You barely miss the goblin.
The goblin is severely wounded.
You hit the goblin but do no damage.
The goblin hits you but does no damage. x2
You closely miss the goblin. You hit the goblin.
You kill the goblin!
The goblin barely misses you.
You hit the goblin.
You kill the goblin!
Your Conjurations skill increases to level 1!
Your Hexes skill increases to level 1!
Your Summonings skill increases to level 1!
Your Necromancy skill increases to level 1!
Your Translocations skill increases to level 1!
Your Transmutations skill increases to level 1!
Your Fire Magic skill increases to level 1!
Your Ice Magic skill increases to level 1!
Your Air Magic skill increases to level 1!
Your Earth Magic skill increases to level 1!
Your Poison Magic skill increases to level 1!
Items here: )))) [ ††
Okay, then.
You see here a goblin corpse.
A bat comes into view.
You see here 3 scrolls labeled OKKAN ALIROAM.
n - 3 scrolls labeled OKKAN ALIROAM
Casting: Spectral Weapon
Confirm with . or Enter, or press ? or * to list all spells.
You begin infusing your attacks with magical energy.
The bat hits you. The bat closely misses you.
You closely miss the bat. You bite the bat, but do no damage.
The bat hits you but does no damage.
You miss the bat. The bat closely misses you.
The bat hits you but does no damage.
Items here: )))) [ †† You hit the bat.
The bat is severely wounded.
The bat hits you but does no damage.
Found a stone staircase leading down.
You barely miss the bat.
The bat is heavily wounded.
The bat completely misses you.
You closely miss the bat.
The bat is heavily wounded.
The bat closely misses you.
You hit the bat!
You kill the bat!
Found a leather armour.
Found 28 arrows.
Your magical infusion is running out.
There is a stone staircase leading down here.
You climb downwards.
An ogre comes into view. It is wielding a giant club.
There is a stone staircase leading up here.
Wield which item (- for none, * to show all)? (? for menu, Esc to quit)
f - a +0 dagger (weapon)
The helpless ogre fails to defend itself.
You puncture the ogre!
The ogre is heavily wounded.
The ogre hits you with a giant club!!
Ouch! That really hurt!
* * * LOW HITPOINT WARNING * * *
Wield which item (- for none, * to show all)? (? for menu, Esc to quit)
Okay, then.
Unknown command.
It was a potion of curing.
You feel better. The ogre hits you with a giant club!!
Ouch! That really hurt!
You die...

####
...######
∆ ........
∆ ......##
#......#
#......###
#..O.....#
#.@....#
########


You could see an ogre.

Vanquished Creatures
  Natasha (D:3)
  An orc wizard (D:3)
  A gnoll (D:1)
  A dart slug (D:1)
  4 orcs (D:3)
  7 bats
  3 giant cockroaches (D:1)
  6 goblins
  A kobold (D:1)
  3 frilled lizards
  3 rats
31 creatures vanquished.

Notes
Turn   | Place    | Note
-------+----------+-------------------------------------------
     0 | D:1      | tidbits the Gnoll Skald began the quest for the Orb.
     0 | D:1      | Reached XP level 1. HP: 20/20 MP: 6/6
   139 | D:1      | Reached XP level 2. HP: 26/26 MP: 1/7
   247 | D:1      | Reached XP level 3. HP: 24/31 MP: 0/9
   247 | D:1      | Reached skill level 5 in Spellcasting
   311 | D:3      | Learned a level 2 spell: Song of Slaying
   314 | D:3      | Learned a level 2 spell: Shroud of Golubria
   318 | D:3      | Learned a level 3 spell: Regeneration
   322 | D:3      | Learned a level 3 spell: Spectral Weapon
   328 | D:3      | Noticed Natasha
   341 | D:3      | Reached skill level 1 in Short Blades
   341 | D:3      | Reached skill level 1 in Long Blades
   341 | D:3      | Reached skill level 1 in Maces & Flails
   341 | D:3      | Reached skill level 1 in Polearms
   341 | D:3      | Reached skill level 1 in Staves
   341 | D:3      | Reached skill level 1 in Slings
   341 | D:3      | Reached skill level 1 in Bows
   341 | D:3      | Reached skill level 1 in Crossbows
   341 | D:3      | Reached skill level 1 in Throwing
   341 | D:3      | Reached skill level 1 in Stealth
   341 | D:3      | Reached skill level 1 in Shields
   341 | D:3      | Reached skill level 1 in Unarmed Combat
   341 | D:3      | Reached skill level 1 in Invocations
   341 | D:3      | Reached skill level 1 in Evocations
   341 | D:3      | Reached XP level 4. HP: 29/38 MP: 1/11
   349 | D:3      | Killed Natasha
   357 | D:3      | Reached skill level 1 in Conjurations
   357 | D:3      | Reached skill level 1 in Hexes
   357 | D:3      | Reached skill level 1 in Summonings
   357 | D:3      | Reached skill level 1 in Necromancy
   357 | D:3      | Reached skill level 1 in Translocations
   357 | D:3      | Reached skill level 1 in Transmutations
   357 | D:3      | Reached skill level 1 in Fire Magic
   357 | D:3      | Reached skill level 1 in Ice Magic
   357 | D:3      | Reached skill level 1 in Air Magic
   357 | D:3      | Reached skill level 1 in Earth Magic
   357 | D:3      | Reached skill level 1 in Poison Magic
   383 | D:4      | Noticed an ogre
   386 | D:4      | Mangled by an ogre

Skill      XL: |  1  2  3  4 |
---------------+-------------+-----
Spellcasting   | 5 |  5.1
Short Blades   | 1 |  1.2
Long Blades    | 1 |  1.2
Maces & Flails | 1 |  1.2
Polearms       | 1 |  1.2
Staves         | 1 |  1.2
Slings         | 1 |  1.2
Bows           | 1 |  1.2
Crossbows      | 1 |  1.2
Throwing       | 1 |  1.2
Stealth        | 1 |  1.2
Shields        | 1 |  1.2
Unarmed Combat | 1 |  1.2
Invocations    | 1 |  1.3
Evocations     | 1 |  1.2
Conjurations   | 1 |  1.0
Hexes          | 1 |  1.0
Summonings     | 1 |  1.0
Necromancy     | 1 |  1.0
Translocations | 1 |  1.0
Transmutations | 1 |  1.0
Fire Magic     | 1 |  1.0
Ice Magic      | 1 |  1.0
Air Magic      | 1 |  1.0
Earth Magic    | 1 |  1.0
Poison Magic   | 1 |  1.0
Fighting       | |  4.6
Axes           | |  4.6
Armour         | |  2.8
Dodging        | |  4.6
Charms         | |  5.5

Action                   |  1- 3 |  4- 6 || total
-------------------------+-------+-------++-------
Melee: Hand axe          |    41 |    22 ||    63
       Flail             |    13 |       ||    13
       Bite              |     2 |     1 ||     3
       Dagger            |       |     1 ||     1
       Punch             |       |     1 ||     1
 Cast: Infusion          |     7 |     1 ||     8
       Spectral Weapon   |     1 |       ||     1
  Use: Potion            |     1 |     1 ||     2
 Stab: Sleeping          |     1 |     1 ||     2
Armor: Leather armour    |    12 |     7 ||    19
Dodge: Dodged            |    39 |    16 ||    55

Table legend:
 A = Turns spent in this place as a percentage of turns spent in the entire game.
 B = Non-inter-level travel turns spent in this place as a percentage of non-inter-level travel turns spent in the entire game.
 C = Inter-level travel turns spent in this place as a percentage of turns spent in this place.
 D = Turns resting spent in this place as a percentage of non-inter-level travel turns spent in this place.
 E = Turns spent auto-exploring this place as a percentage of non-inter-level travel turns spent in this place.
 F = Non-inter-level travel turns spent in this place divided by the number of levels of this place that you've seen.
                   A       B       C       D       E      F
               +-------+-------+-------+-------+-------+----------------------
         Total | 100.0 | 100.0 |   0.0 |   0.0 |   0.0 |  96.5
       Dungeon | 100.0 | 100.0 |   0.0 |   0.0 |   0.0 |  96.5
               +-------+-------+-------+-------+-------+----------------------

Table legend:
 A = Kills in this place as a percentage of kills in entire the game.
 B = Kills by you in this place as a percentage of kills by you in the entire game.
 C = Kills by friends in this place as a percentage of kills by friends in the entire game.
 D = Other kills in this place as a percentage of other kills in the entire game.
 E = Experience gained in this place as a percentage of experience gained in the entire game.
 F = Experience gained in this place divided by the number of levels of this place that you have seen.
                   A       B       C       D       E      F
               +-------+-------+-------+-------+-------+----------------------
         Total | 100.0 | 100.0 |   N/A |   N/A | 100.0 |  34.0
       Dungeon | 100.0 | 100.0 |   N/A |   N/A | 100.0 |  34.0
               +-------+-------+-------+-------+-------+----------------------

Vault maps used:
D:1:      dpeg_arrival_signposts, minmay_misc_feat_diagonals
D:2:      kennysheep_vampire_church, chequers_ecumenical_altar_island,
          nicolae_gozag_cash_rules_everything_around_me, uniq_sigmund
D:3:      nicolae_overflow_hidden_temple, first_ration, uniq_natasha,
          uniq_terence
D:4:      lemuel_doored_altar
